 Dungeon Sprint DCSS version 0.26-a0-720-g2a1d101370 (webtiles) character file.

Game seed: 17582044785468375457

6755 mhtbhm the Impaler (level 10, -14/102 HPs)
             Began as a Minotaur Fighter on Nov 3, 2020.
             Was an Initiate of Gozag.
             Killed from afar by a hell hound (18 damage)
             ... with a blast of flame
             ... in the Dungeon (Sprint IX: "|||||||||||||||||||||||||||||").
             The game lasted 00:02:18 (2223 turns).

mhtbhm the Impaler (Minotaur Fighter)               Turns: 2223, Time: 00:02:18

Health: -14/102    AC: 11    Str: 23    XL:     10   Next: 75%
Magic:  9/9        EV: 17    Int:  5    God:    Gozag
Gold:   2223       SH: 14    Dex: 17    Spells: 9/9 levels left

rFire    . . .     SeeInvis .   a - +0 trident
rCold    . . .     Faith    .   c - +0 kite shield
rNeg     . . .     Spirit   .   b - +2 ring mail
rPois    .         Reflect  .   (helmet restricted)
rElec    .         Harm     .   (no cloak)
rCorr    .         Rampage  .   o - +0 pair of gloves
MR       .....     NoTele   +   (no boots)
Stlth    ++........             (no amulet)
HPRegen  0.27/turn              p - +3 ring of dexterity
MPRegen  0.11/turn              q - +3 ring of dexterity

@: gold aura
A: retaliatory headbutt, horns 2
a: Potion Petition, Call Merchant, Bribe Branch, Renounce Religion


You were in the Dungeon.
You worshipped Gozag.
Gozag was most pleased with you.
You visited 1 branch You collected 2223 gold pieces.

Inventory:

Hand Weapons
 a - a +0 trident (weapon)
Armour
 b - a +2 ring mail (worn)
 c - a +0 kite shield (worn)
 o - a +0 pair of gloves (worn)
Jewellery
 p - a +3 ring of dexterity (left hand)
 q - a +3 ring of dexterity (right hand)
Wands
 n - a wand of acid (7)
Scrolls
 j - a scroll of blinking
 l - 5 scrolls of remove curse
 m - 2 scrolls of amnesia
 t - a scroll of identify
 u - 4 scrolls of enchant weapon
 v - a scroll of fog
Potions
 d - 2 potions of might
 e - 5 potions of curing
 f - 3 potions of heal wounds
 g - a potion of haste
 h - 4 potions of magic
 i - 2 potions of berserk rage
 k - a potion of invisibility
 r - a potion of stabbing
 s - a potion of mutation


   Skills:
 + Level 13.7 Fighting
 + Level 16.5 Polearms
 + Level 12.3 Armour
 + Level 8.9 Dodging
 + Level 4.6 Stealth
 + Level 14.3 Shields
 + Level 1.7 Evocations


You had 9 spell levels left.
You didn't know any spells.
Your spell library was empty.

Dungeon Overview and Level Annotations

Branches:
Dungeon (1/1)

Altars:
Cheibriados
Dithmenos
Elyvilon
Fedhas
Gozag
Hepliaklqana
Kikubaaqudgha
Makhleb
Nemelex Xobeh
Okawaru
Qazlal
Ru
Sif Muna
Trog
Uskayaw
Vehumet
Wu Jian
Xom
Yredelemnul
Zin
The Shining One
Beogh
Jiyva
Lugonu


Innate Abilities, Weirdness & Mutations

You reflexively headbutt those who attack you in melee.
You have a pair of horns on your head.


Message History

You kill the warg!
The wolf is no longer distracted by gold.
You see here 207 gold pieces.
You hit the hell hound.
The hell hound is no longer distracted by gold.
You headbutt the hell hound!
The hell hound is moderately wounded.
The wolf pauses to sniff the ground.
Unknown command.
You puncture the hell hound!
You headbutt the hell hound, but do no damage.
The hell hound is severely wounded.
The hell hound is no longer distracted by gold.
The hell hound bites you!
* * * LOW HITPOINT WARNING * * *
The hell hound breathes flames at you.
The blast of flame hits the hell hound.
The hell hound completely resists.
The blast of flame hits you!!
You die...
Your body crumbles into a pile of gold.

$
▓.▓.▓_▓
$
▓h▓.▓_▓
$
▓h▓.▓_▓
$
▓h▓.▓_▓
$
▓h▓.▓_▓
$
▓h▓.▓_▓
$
▓.▓.▓_▓
$
▓h▓.▓_▓
$
▓@▓.▓_▓
▓.▓.▓_▓
$
▓.▓.▓_▓
$
▓.▓.▓_▓
$
▓.▓.▓_▓
$
▓.▓.▓_▓
$
▓.▓.▓_▓
$
▓'▓.▓_▓
$
▓.▓.▓_▓


You could see 2 hell hounds and 4 wolves.

Vanquished Creatures
  A hydra (D)
  A boulder beetle (D)
  A death yak (D)
  An ugly thing (D)
  2 manticores (D)
  2 cane toads (D)
  4 komodo dragons (D)
  A polar bear (D)
  A wraith (D)
  3 yaks (D)
  A soldier ant (D)
  A warg (D)
  5 water moccasins (D)
  A hell hound (D)
  An ogre (D)
  2 bullfrogs (D)
  A killer bee (D)
  A hound (D)
  A worker ant (D)
  A gnoll (D)
  3 adders (D)
  An ufetubus (D)
  A dart slug (D)
  A leopard gecko (D)
  A hobgoblin (D)
  A giant cockroach zombie (D)
  A goblin (D)
  A rat (D)
42 creatures vanquished.

Notes
Turn   | Place    | Note
-------+----------+-------------------------------------------
     0 | D        | mhtbhm the Minotaur Fighter began the quest for the Orb.
     0 | D        | Reached XP level 1. HP: 19/19 MP: 0/0
    35 | D        | Noticed a hound
    39 | D        | Reached skill level 3 in Polearms
    39 | D        | Reached XP level 2. HP: 25/28 MP: 1/1
    42 | D        | Reached skill level 5 in Fighting
    42 | D        | Reached skill level 5 in Armour
    42 | D        | Reached skill level 5 in Shields
    45 | D        | Reached XP level 3. HP: 33/36 MP: 2/2
    58 | D        | Reached skill level 4 in Polearms
    62 | D        | Reached XP level 4. HP: 25/44 MP: 3/3
   179 | D        | Found a roughly hewn altar of Beogh.
   179 | D        | Found a snail-covered altar of Cheibriados.
   179 | D        | Found a shadowy altar of Dithmenos.
   179 | D        | Found a white marble altar of Elyvilon.
   179 | D        | Found a blossoming altar of Fedhas.
   179 | D        | Found an opulent altar of Gozag.
   180 | D        | Found a hazy altar of Hepliaklqana.
   181 | D        | Found a viscous altar of Jiyva.
   182 | D        | Found an ancient bone altar of Kikubaaqudgha.
   183 | D        | Found a corrupted altar of Lugonu.
   184 | D        | Found a burning altar of Makhleb.
   185 | D        | Found a sparkling altar of Nemelex Xobeh.
   186 | D        | Found an iron altar of Okawaru.
   187 | D        | Found a stormy altar of Qazlal.
   188 | D        | Found a sacrificial altar of Ru.
   189 | D        | Found a shimmering blue altar of Sif Muna.
   190 | D        | Found a bloodstained altar of Trog.
   191 | D        | Found a hide-covered altar of Uskayaw.
   199 | D        | Became a worshipper of Gozag Ym Sagoz the Greedy
   205 | D        | Found a radiant altar of Vehumet.
   206 | D        | Found an ornate altar of the Wu Jian Council.
   207 | D        | Found a shimmering altar of Xom.
   208 | D        | Found a basalt altar of Yredelemnul.
   209 | D        | Found a glowing silver altar of Zin.
   210 | D        | Found a glowing golden altar of the Shining One.
   257 | D        | Noticed a wraith
   257 | D        | Noticed an ogre
   266 | D        | Killed an ogre
   266 | D        | Reached skill level 6 in Polearms
   266 | D        | Reached skill level 1 in Dodging
   266 | D        | Reached XP level 5. HP: 40/52 MP: 4/4
   286 | D        | Killed a wraith
   286 | D        | Reached skill level 8 in Polearms
   286 | D        | Reached XP level 6. HP: 40/62 MP: 5/5
   290 | D        | Reached skill level 9 in Polearms
   414 | D        | Noticed a manticore
   414 | D        | Noticed a soldier ant
   414 | D        | Noticed a manticore
   414 | D        | Noticed a green ugly thing
   414 | D        | Noticed a yak
   421 | D        | Killed a yak
   421 | D        | Reached XP level 7. HP: 70/70 MP: 6/6
   434 | D        | Killed a green ugly thing
   434 | D        | Reached skill level 10 in Fighting
   434 | D        | Reached skill level 11 in Polearms
   434 | D        | Reached skill level 10 in Armour
   434 | D        | Reached skill level 10 in Shields
   442 | D        | Killed a manticore
   442 | D        | Reached skill level 12 in Polearms
   442 | D        | Reached XP level 8. HP: 28/81 MP: 7/7
   455 | D        | Reached skill level 5 in Dodging
   455 | D        | HP: 1/81 [manticore/volley of spikes (19)]
   472 | D        | HP: 2/81 [manticore (6)]
   474 | D        | Killed a manticore
   474 | D        | Reached skill level 13 in Polearms
   929 | D        | Noticed a polar bear
   929 | D        | Noticed a komodo dragon
   929 | D        | Noticed a komodo dragon
   929 | D        | Noticed a komodo dragon
   942 | D        | Killed a komodo dragon
   942 | D        | Reached XP level 9. HP: 50/89 MP: 8/8
   953 | D        | Killed a komodo dragon
   953 | D        | Reached skill level 14 in Polearms
  1302 | D        | Killed a komodo dragon
  1310 | D        | Killed a polar bear
  1335 | D        | Reached skill level 15 in Polearms
  1335 | D        | Reached skill level 1 in Stealth
  1391 | D        | Noticed a boulder beetle
  1391 | D        | Noticed a komodo dragon
  1391 | D        | Noticed a cane toad
  1392 | D        | Noticed a six-headed hydra
  1405 | D        | Noticed a death yak
  1407 | D        | Noticed a cane toad
  1408 | D        | Killed a cane toad
  1471 | D        | Reached XP level 10. HP: 99/99 MP: 9/9
  1482 | D        | Killed a six-headed hydra
  1482 | D        | Reached skill level 1 in Evocations
  1813 | D        | Killed a death yak
  1813 | D        | Reached skill level 16 in Polearms
  1833 | D        | Killed a cane toad
  2204 | D        | Killed a boulder beetle
  2223 | D        | HP: 4/102 [hell hound (7)]
  2223 | D        | Killed from afar by a hell hound

Illustrated notes

Levels and vault maps discovered:
D:        linesprint [early_d, line_temple, items_1, d_10, items_2, lair_1,
          lair_end, items_3, orc_1, orc_end, items_4, d_15, swamp_1, shoals_1,
          snake_1, spider_1, d_20, vaults_1, items_5, swamp_end, shoals_end,
          snake_end, spider_end, vaults_end, d_27, items_6, zot_1, zot_end,
          crypt_end, forest_end, elf_end, slime_end, tomb_end, abyss_end,
          pan_hell_end]

Skill      XL: |  1  2  3  4  5  6  7  8  9 10 |
---------------+-------------------------------+-----
Fighting       | 4 5 6 7 8 9 10 11 12 13 | 13.7
Armour         | 4 5 6 7 8 9 10 11 12 | 12.3
Shields        | 4 5 6 8 9 11 13 14 | 14.3
Polearms       | 3 4 6 8 9 12 13 15 16 | 16.5
Dodging        | 1 2 3 4 6 7 8 |  8.9
Stealth        | 2 4 |  4.6
Evocations     | 1 |  1.7

Action                   |  1- 3 |  4- 6 |  7- 9 | 10-12 || total
-------------------------+-------+-------+-------+-------++-------
Melee: Trident           |    38 |    41 |   143 |    75 ||   297
       Headbutt          |     4 |    13 |    38 |    34 ||    89
Evoke: Wand              |       |       |     1 |     2 ||     3
  Use: Potion            |       |       |     3 |     1 ||     4
       Scroll            |       |       |       |     1 ||     1
 Stab: Distracted        |       |       |     4 |       ||     4
Armor: Scale mail        |    11 |       |       |       ||    11
       Ring mail         |       |     4 |    17 |     6 ||    27
Dodge: Dodged            |    16 |    12 |    40 |    19 ||    87
Block: Kite shield       |    20 |    18 |    42 |    29 ||   109

Table legend: (Time is in decaauts)
 A = Elapsed time spent in this place.
 B = Non-inter-level travel time spent in this place.
 C = Inter-level travel time spent in this place.
 D = Time resting spent in this place.
 E = Time spent auto-exploring this place.
 F = Levels seen in this place.
 G = Mean time per level.
                   A        B        C        D        E       F      G
               +--------+--------+--------+--------+--------+-----+--------+
         Total |   2156 |   2156 |      0 |   1526 |    182 |   1 | 2156.0 |
       Dungeon |   2156 |   2156 |      0 |   1526 |    182 |   1 | 2156.0 |
               +--------+--------+--------+--------+--------+-----+--------+

Top non-repeatable levels by time:
       D: 2156 daAuts
